 Dungeon Crawl Stone Soup version 0.31-a0-152-g6aa68a64a1 (webtiles) character file.

Game seed: 13779650666611003700

65 qw the Shooter (level 4, -4/39 HPs)
             Began as a Naga Hunter on June 10, 2023.
             Slain by Grinder (6 damage)
             ... on level 3 of the Dungeon.
             The game lasted 00:00:35 (1606 turns).

qw the Shooter (Naga Hunter)                        Turns: 1606, Time: 00:00:36

Health: -4/39      AC:  2    Str: 13    XL:     4   Next: 14%
Magic:  4/4        EV: 10    Int: 10    God:
Gold:   153        SH:  0    Dex: 22    Spells: 3/3 levels left

rFire   . . .        Y - +0 shortbow
rCold   . . .        (shield currently unavailable)
rNeg    . . .        c - +0 leather armour
rPois   +            (no helmet)
rElec   .            (no cloak)
rCorr   .            (no gloves)
SInv    +            (no barding)
Will    .....        (no amulet)
Stlth   ++           h - +6 ring of dexterity
HPRegen 0.26/turn    (no ring)
MPRegen 0.09/turn

%: no passive effects
@: very slow
A: AC +1, large, see invisible, deformed body, poison resistance, slowness 2,
spit poison 1, naga tail 1
a: Spit Poison


You were on level 3 of the Dungeon.
You visited 1 branch of the dungeon, and saw 3 of its levels.

You collected 153 gold pieces.


Innate Abilities, Weirdness & Mutations

Your serpentine skin is tough. (AC +1)
You have supernaturally acute eyesight. (SInv)
Armour fits poorly on your strangely shaped body.
Your system is resistant to poisons. (rPois)
You cover ground very slowly.
You can spit poison.
You have a snake-like lower body.


   Skills:
 + Level 2.2 Fighting
 - Level 5.0 Ranged Weapons
 - Level 1.5 Dodging
 - Level 1.5 Stealth


You had 3 spell levels left.
You didn't know any spells.
Your spell library was empty.

Inventory:

Hand Weapons
 Y - a +0 shortbow (weapon)
Armour
 c - a +0 leather armour (worn)
Jewellery
 g - a ring of ice
 h - a +6 ring of dexterity (left hand)
Scrolls
 a - a scroll of immolation {unknown}
 b - a scroll of identify
 i - 3 scrolls of fog {unknown}
Potions
 d - 4 potions of curing
 e - a potion of berserk rage {unknown}
 f - a potion of mutation {unknown}

Dungeon Overview and Level Annotations

Branches:
Dungeon (3/15)

Altars:
Ashenzari
Dithmenos
Fedhas
Wu Jian
The Shining One

Annotations:
D:1 2 transporters
D:3 Grinder


Message History

You shoot an arrow.
The arrow hits Grinder but does no damage.
Grinder is moderately wounded.
Grinder barely misses you.
You shoot an arrow. The arrow hits Grinder.
Grinder is moderately wounded.
Grinder gestures at you.
You suddenly lose the ability to move!
Grinder hits you!
You writhe in agony.
You can move again.
You shoot an arrow. The arrow hits Grinder!
Grinder is heavily wounded.
Grinder blinks!
You shoot an arrow. The arrow hits Grinder.
Grinder is severely wounded.
You shoot an arrow.
The arrow hits Grinder but does no damage.
Grinder is severely wounded.
Grinder blinks!
You shoot an arrow.
The arrow hits Grinder but does no damage.
Grinder is severely wounded.
Grinder gestures at you.
You struggle to resist.
You shoot an arrow. The arrow hits Grinder.
Grinder is severely wounded.
Grinder barely misses you.
You shoot an arrow.
The arrow hits Grinder but does no damage.
Grinder is severely wounded.
Grinder barely misses you.
You shoot an arrow. The arrow closely misses Grinder.
Grinder hits you but does no damage. Grinder hits you!
You writhe in agony.
You shoot an arrow. The arrow hits Grinder!
Grinder is almost dead.
Grinder gestures at you. Pain shoots through your body!
You shoot an arrow. The arrow closely misses Grinder.
Grinder hits you.
You die...

###################
..................#
#################.#
..#.# ###.##
#####.#.# ......
.....#.# ###.##
...#.# ##.....#
#####.#.# ##.....#
#....5@.#
##.....##.#.###.###
##.....##.# #.
##.....##.# #.
#.....##.# #.
#.....##.# #.
#.....##.# #.
###......?# ..
..........########


You could see Grinder.

Vanquished Creatures
  An adder (D:2)
  A worm (D:3)
  4 dart slugs
  4 bats
  4 endoplasms
  4 giant cockroaches
  3 goblins
  5 hobgoblins
  2 quokkas
  4 ball pythons
  3 frilled lizards
  3 kobolds (D:2)
  3 rats (D:2)
41 creatures vanquished.

Notes
Turn   | Place    | Note
-------+----------+-------------------------------------------
     0 | D:1      | qw the Naga Hunter began the quest for the Orb.
     0 | D:1      | Reached XP level 1. HP: 19/19 MP: 1/1
     0 | D:1      | 0 ||| qw: Version: 0.2-a-29-gd901d54
     0 | D:1      | 0 ||| qw: Game counter: 3962
     0 | D:1      | 0 ||| qw: Always use a shield: true
     0 | D:1      | 0 ||| qw: God list: Okawaru
     0 | D:1      | 0 ||| qw: Allow faded altars: false
     0 | D:1      | 0 ||| qw: Do Orc after D:15 true
     0 | D:1      | 0 ||| qw: Do second Lair branch before Depths: true
     0 | D:1      | 0 ||| qw: Lair rune preference: random
     0 | D:1      | 0 ||| qw: Plans: Normal
     0 | D:1      | 0 ||| PLANNING D:1-11
    17 | D:1      | 17 ||| INVOKING Spit Poison.
    24 | D:1      | 24 ||| INVOKING Spit Poison.
    74 | D:1      | 74 ||| INVOKING Spit Poison.
   121 | D:1      | 121 ||| INVOKING Spit Poison.
   124 | D:1      | Reached skill level 4 in Ranged Weapons
   124 | D:1      | Reached XP level 2. HP: 23/26 MP: 2/2
   148 | D:1      | 148 ||| INVOKING Spit Poison.
   162 | D:1      | 162 ||| INVOKING Spit Poison.
   249 | D:1      | Found a faded altar of an unknown god.
   268 | D:1      | 268 ||| INVOKING Spit Poison.
   283 | D:1      | 283 ||| INVOKING Spit Poison.
   288 | D:1      | 288 ||| INVOKING Spit Poison.
   307 | D:1      | 307 ||| INVOKING Spit Poison.
   536 | D:1      | 536 ||| INVOKING Spit Poison.
   595 | D:1      | 595 ||| INVOKING Spit Poison.
   618 | D:1      | 618 ||| INVOKING Spit Poison.
   838 | D:1      | 838 ||| READING scroll labelled XUCA TIOBRITZOGI.
   839 | D:1      | 839 ||| DRINKING 2 smoky blue potions.
   840 | D:1      | 840 ||| DROPPING scroll of butterflies.
   878 | D:2      | 878 ||| INVOKING Spit Poison.
   879 | D:2      | 879 ||| INVOKING Spit Poison.
   898 | D:2      | 898 ||| INVOKING Spit Poison.
   902 | D:2      | Reached XP level 3. HP: 32/32 MP: 3/3
   924 | D:2      | 924 ||| INVOKING Spit Poison.
   934 | D:2      | 934 ||| INVOKING Spit Poison.
   959 | D:2      | 959 ||| INVOKING Spit Poison.
   970 | D:2      | 970 ||| INVOKING Spit Poison.
   994 | D:2      | 994 ||| INVOKING Spit Poison.
   997 | D:2      | 997 ||| INVOKING Spit Poison.
  1008 | D:2      | 1008 ||| INVOKING Spit Poison.
  1021 | D:2      | 1021 ||| INVOKING Spit Poison.
  1035 | D:2      | 1035 ||| INVOKING Spit Poison.
  1121 | D:2      | 1121 ||| INVOKING Spit Poison.
  1167 | D:2      | Identified the +1 hand axe of Watchfulness {drain, Stlth+}
  1198 | D:2      | 1198 ||| INVOKING Spit Poison.
  1252 | D:2      | 1252 ||| INVOKING Spit Poison.
  1283 | D:2      | 1283 ||| UPGRADING to +6 ring of dexterity.
  1284 | D:2      | 1284 ||| READING scroll labelled RYMIRU JOAP.
  1285 | D:2      | 1285 ||| READING scroll labelled BEOTONG FOAWO.
  1288 | D:2      | 1288 ||| READING 2 scrolls of identify.
  1288 | D:2      | 1288 ||| IDENTIFYING coppery potion
  1289 | D:2      | 1289 ||| DROPPING potion of degeneration.
  1310 | D:3      | 1310 ||| INVOKING Spit Poison.
  1314 | D:3      | Reached skill level 5 in Ranged Weapons
  1314 | D:3      | Reached XP level 4. HP: 39/39 MP: 4/4
  1354 | D:3      | 1354 ||| INVOKING Spit Poison.
  1394 | D:3      | 1394 ||| INVOKING Spit Poison.
  1400 | D:3      | 1400 ||| INVOKING Spit Poison.
  1490 | D:3      | Found a shadowy altar of Dithmenos.
  1491 | D:3      | Found a broken altar of Ashenzari.
  1493 | D:3      | Found a glowing golden altar of the Shining One.
  1494 | D:3      | Found a blossoming altar of Fedhas.
  1494 | D:3      | Found an ornate altar of the Wu Jian Council.
  1588 | D:3      | Noticed Grinder
  1596 | D:3      | Paralysed by Grinder for 2 turns
  1604 | D:3      | HP: 7/39 [Grinder (9)]
  1604 | D:3      | HP: 2/39 [Grinder (5)]
  1606 | D:3      | Slain by Grinder

Levels and vault maps discovered:
D:1:      spicycebolla_arrival_transporter_tutorial, layout_loops_corners,
          dreamdust_ecumenical_altar_grove
D:2:      layout_rooms, minmay_small_reverse_x
D:3:      layout_basic, grunt_temple_overflow_open, kennysheep_orc_chapel,
          uniq_grinder

Skill      XL: |  1  2  3 |
---------------+----------+-----
Ranged Weapons | 4 5 |  5.0
Fighting       | |  2.2
Dodging        | |  1.5
Stealth        | |  1.5

Action                     |  1- 3 |  4- 6 || total
---------------------------+-------+-------++-------
   Fire: Shortbow          |    57 |    20 ||    77
Ability: Spit Poison       |    28 |     3 ||    31
    Use: Scroll            |     4 |       ||     4
         Potion            |     1 |       ||     1
 Armour: Leather armour    |     1 |     1 ||     2
  Dodge: Dodged            |     8 |     4 ||    12

Table legend:
 A = Non-vault XP
 B = Vault XP
 C = Vault XP percentage of total XP
 D = Non-vault monster count
 E = Vault monster count
 F = Vault count percentage of total count
                 A         B        C        D         E       F
            +---------+---------+-------+---------+---------+-------
      Total |      87 |       7 |   7.4 |      37 |       4 |   9.8
            +---------+---------+-------+---------+---------+-------
        D:1 |      31 |       0 |   0.0 |      14 |       0 |   0.0
        D:2 |      40 |       7 |  14.9 |      16 |       4 |  20.0
        D:3 |      16 |       0 |   0.0 |       7 |       0 |   0.0
            +---------+---------+-------+---------+---------+-------
